 Dungeon Crawl Stone Soup version 0.29.1-13-g9f3cf754e1 (webtiles) character file.

Game seed: 2181793543737513102

5473 H0rd4k the Fighter (level 10, -3/73 HPs)
             Began as an Octopode Artificer on Feb 7, 2023.
             Was an Initiate of Gozag.
             Slain by a wyvern (13 damage)
             ... on level 8 of the Dungeon.
             The game lasted 00:16:38 (11832 turns).

H0rd4k the Fighter (Octopode Artificer)            Turns: 11832, Time: 00:16:39

Health: -3/73      AC:  1    Str: 12    XL:     10   Next: 69%
Magic:  21/21      EV: 13    Int: 29    God:    Gozag
Gold:   398        SH:  0    Dex: 12    Spells: 16/24 levels left

rFire   + . .      SeeInvis .   d - +6 scimitar of Gehuegoc {venom, rElec rF+ rC+ Int+5}
rCold   + . .      Faith    .   (no shield)
rNeg    . . .      Spirit   .   (helmet restricted)
rPois   .          Reflect  .   B - amulet of regeneration
rElec   +          Harm     .   f - +6 ring of intelligence
rCorr   .          Rampage  .   (no ring)
Will    .....                   (no ring)
Stlth   +++.......              (no ring)
HPRegen 1.02/turn               (no ring)
MPRegen 0.17/turn               (no ring)
                                (no ring)
                                (no ring)

@: no status effects
A: almost no armour, amphibious, 8 rings, camouflage 1, gelatinous body 1,
(nimble swimmer 1), tentacles
a: Renounce Religion, Potion Petition, Call Merchant, Bribe Branch


You were on level 8 of the Dungeon.
You worshipped Gozag.
Gozag was aware of your devotion.
You visited 2 branches of the dungeon, and saw 10 of its levels.
You also visited: Sewer.

You collected 751 gold pieces.
You spent 234 gold pieces at shops.
You paid 119 gold pieces to Gozag.

Inventory:

Hand Weapons
 d - the +6 scimitar of Gehuegoc (weapon) {venom, rElec rF+ rC+ Int+5}
   (You bought it in a shop on level 7 of the Dungeon)

   It poisons the flesh of those it strikes.
   Int:       It affects your intelligence (+5).
   rF:        It protects you from fire.
   rC:        It protects you from cold.
   rElec:     It insulates you from electricity.
Missiles
 p - 26 poisoned darts
Magical Staves
 a - a staff of conjuration
 c - a staff of fire
 t - a staff of death
Jewellery
 f - a +6 ring of intelligence (left tentacle)
 x - an amulet of magic regeneration
 B - an amulet of regeneration (around mantle)
Wands
 b - a wand of flame (45) (quivered)
Scrolls
 g - 2 scrolls of poison
 h - 2 scrolls of teleportation
 j - 4 scrolls of magic mapping
 o - 2 scrolls of summoning {unknown}
 s - a scroll of brand weapon {unknown}
 u - 2 scrolls of noise {unknown}
 w - 2 scrolls of fear {unknown}
 y - a scroll of amnesia {unknown}
 z - a scroll of enchant armour {unknown}
 A - a scroll of enchant weapon {unknown}
 C - a scroll of vulnerability {unknown}
 E - a scroll of silence {unknown}
Potions
 e - 3 potions of mutation
 i - 2 potions of curing
 k - 2 potions of attraction
 l - a potion of resistance {unknown}
 m - 2 potions of lignification
 n - a potion of haste
 q - 5 potions of brilliance
 r - a potion of cancellation {unknown}
 v - a potion of invisibility {unknown}
 D - 2 potions of might


   Skills:
 - Level 8.4 Fighting
 + Level 8.4 Long Blades
 - Level 2.3 Dodging
 - Level 1.3 Stealth
 + Level 0.2 Shields
 - Level 4.6 Unarmed Combat
 * Level 7.8 Spellcasting
 + Level 1.5 Fire Magic
 - Level 3.2 Evocations


You had 16 spell levels left.
You knew the following spells:

 Your Spells              Type           Power      Damage    Failure   Level
a - Ignite Poison         Fire/Tmut/Pois 14%        N/A       12%         3
b - Poisonous Vapours     Pois/Air       22%        N/A       7%          2
c - Mephitic Cloud        Conj/Pois/Air  11%        N/A       14%         3

Your spell library contained the following spells:

 Spells                   Type           Power      Damage    Failure   Level
 Beastly Appendage        Tmut           22%        N/A       4%          1
 Wereblood                Tmut           11%        N/A       7%          2
 Gell's Gravitas          Tloc           11%        N/A       14%         3
 Lesser Beckoning         Tloc           11%        N/A       14%         3
 Spider Form              Tmut/Pois      11%        N/A       14%         3
 Teleport Other           Tloc           11%        N/A       14%         3
 Freezing Cloud           Conj/Ice/Air   5%         6-21      78%         5
 Iskenderun's Battlesphe  Conj           11%        2d7       78%         5
 Iron Shot                Conj/Erth      5%         9d2       100%        6
 Spellforged Servitor     Conj/Summ      5%         N/A       100%        7
 Corpse Rot               Necr/Pois/Air  Unusable   N/A       N/A         4

Dungeon Overview and Level Annotations

Branches:
Dungeon (9/15)             Temple (1/1) D:7            Lair (0/5) D:9
  Sewer (visited)
    Orc: D:9-12

Altars:
Cheibriados
Dithmenos
Elyvilon
Fedhas
Gozag
Hepliaklqana
Kikubaaqudgha
Makhleb
Nemelex Xobeh
Okawaru
Qazlal
Ru
Sif Muna
Trog
Uskayaw
Wu Jian
Xom
Yredelemnul
Zin
The Shining One

Shops:
D:3 !   D:5 :   D:6 [   D:7 [(((   D:8 *

Annotations:
D:3 1 runed translucent door, P0WERM0DE's ghost, weakling PaIE
D:5 1 exclusion
D:7 exclusion: 2 downstairs
D:8 exclusion: steam dragon
D:9 exclusion: upstairs


Innate Abilities, Weirdness & Mutations

You cannot wear most types of armour.
You are amphibious.
You can wear up to eight rings at the same time.
Your skin changes colour to match your surroundings (Stealth+).
Your rubbery body absorbs attacks. (AC +1, EV +1)
((You are camouflaged when in or above water. (Stealth+)))
You have tentacles for arms and can constrict up to eight enemies at once.


Message History

You slash the orc wizard!
You kill the orc wizard!
You now have 385 gold pieces (gained 4).
Things that are here:
a +0 dagger; a +0 robe You now have 391 gold pieces (gained 6).
Things that are here:
a +0 glaive; +0 steam dragon scales You now have 398 gold pieces (gained 7).
You pick up a book of Vapours and begin reading...
You add the spell Poisonous Vapours to your library.
Memorise Poisonous Vapours, consuming 2 spell levels and leaving 19?
You start memorising the spell.
You continue memorising. x2
You finish memorising.
Spell assigned to 'b'.
This spell is dangerous to cast!
Memorise Mephitic Cloud, consuming 3 spell levels and leaving 16?
You start memorising the spell.
You continue memorising. x3
You finish memorising.
Spell assigned to 'c'.
A wyvern is nearby!
The wyvern hisses angrily.
Things that are here:
a +0 dagger; a +0 robe You hit the wyvern.
You squeeze the wyvern!
The wyvern is heavily wounded.
The wyvern bites you!
You barely miss the wyvern. Your squeeze misses the wyvern.
The wyvern is heavily wounded.
The wyvern closely misses you. The wyvern bites you!!
You slash the wyvern! You tentacle-slap the wyvern.
Your squeeze misses the wyvern.
The wyvern is almost dead.
The wyvern bites you!!
* * * LOW HITPOINT WARNING * * *
You closely miss the wyvern.
The wyvern is almost dead.
The wyvern bites you.
* * * LOW HITPOINT WARNING * * *
The wyvern bites you!
You die...
Your body crumbles into a pile of gold.

......#.* ##.##..###.........<.♣♣
...#***,**##.*,...###............
....,**,..#...o,,......#.......#>
.......,,.#....,,.....*##......##
.......*,.....#*,...#**........#*
.....####,#....###..###.........,
......#.####....................,
#........#.#.##l.................
#.............#.@................
...........#$.....).......,,,,,,,
.........#.#..............,,,,*,*
.......###......###.......,,,,***
.$.......#......# *....##.,,,,***
........)......## *....#*,,,,,,**
......##......## *.....#,,,,,,,,
......##....### *.......,,,,,,,
..###.#..##.# *.......,,,*,,,


You could see a wyvern.

Vanquished Creatures
  Maggie (D:8)
  Sigmund (D:2)
  A wyvern (D:8)
  6 yaks (D:8)
  4 hogs (D:7)
  A steam dragon (D:8)
  A human (D:7)
  2 orc warriors (D:7)
  2 black bears
  2 centaurs
  2 ogres
  A phantom (D:5)
  A kobold brigand (Sewer)
  6 bullfrogs
  A necrophage (D:6)
  4 scorpions
  A gnoll sergeant (D:5)
  3 wights (D:7)
  5 killer bees (D:9)
  2 howler monkeys (D:8)
  4 hounds
  3 jellies
  4 orc priests
  A gnoll bouda (D:7)
  8 orc wizards
  Natasha (thrice) (D:3)
  6 iguanas
  6 gnolls
  A river rat (Sewer)
  11 adders
  A shadow imp (D:5)
  An ufetubus (D:5)
  A worm (D:3)
  2 dart slugs
  28 orcs
  7 endoplasms
  A giant cockroach (D:3)
  13 goblins
  8 hobgoblins
  6 jackals
  9 kobolds
  5 quokkas
  9 ball pythons
  3 bats
  4 frilled lizards
  10 rats
202 creatures vanquished.

Vanquished Creatures (collateral kills)
  An orc priest (D:4)
  An orc wizard (D:4)
  A gnoll (D:5)
  4 orcs
  A jackal (D:4)
8 creatures vanquished.

Vanquished Creatures (others)
  An orc priest (D:5)
  2 orc wizards
  2 gnolls (D:5)
  10 plants
  2 withered plants (D:3)
17 creatures vanquished.

Grand Total: 227 creatures vanquished

Notes
Turn   | Place    | Note
-------+----------+-------------------------------------------
     0 | D:1      | H0rd4k the Octopode Artificer began the quest for the Orb.
     0 | D:1      | Reached XP level 1. HP: 13/13 MP: 1/1
   388 | D:1      | Reached XP level 2. HP: 13/18 MP: 2/2
   664 | D:1      | Reached skill level 1 in Spellcasting
   764 | D:1      | Reached XP level 3. HP: 7/24 MP: 4/4
  1607 | D:2      | Reached skill level 1 in Unarmed Combat
  1653 | D:2      | Noticed Sigmund
  1661 | D:2      | Killed Sigmund
  1662 | D:2      | Reached XP level 4. HP: 23/31 MP: 5/8
  1662 | D:2      | Reached XP level 5. HP: 27/36 MP: 5/9
  1866 | D:2      | Found a faded altar of an unknown god.
  2278 | D:3      | Reached XP level 6. HP: 41/42 MP: 10/10
  2291 | D:3      | Noticed Natasha
  2510 | D:3      | Found a glowing drain.
  2521 | Sewer    | Entered a sewer
  3562 | D:3      | Found a runed translucent door.
  3564 | D:3      | Noticed P0WERM0DE's ghost (weakling PaIE)
  3642 | D:3      | Killed Natasha
  3643 | D:3      | Reached XP level 7. HP: 35/47 MP: 11/11
  3737 | D:3      | Found Ywaody's Distillery.
  3786 | D:3      | Found an ancient bone altar of Kikubaaqudgha.
  3899 | D:3      | Noticed Natasha
  3907 | D:3      | Killed Natasha
  4575 | D:3      | Noticed Natasha
  4583 | D:3      | Killed Natasha
  6020 | D:4      | Reached skill level 5 in Fighting
  6166 | D:5      | Entered Level 5 of the Dungeon
  6182 | D:5      | Reached XP level 8. HP: 41/55 MP: 14/14
  7304 | D:5      | Reached skill level 5 in Spellcasting
  7411 | D:5      | Found Suxuz's Book Shop.
  8086 | D:6      | Found a hazy altar of Hepliaklqana.
  8087 | D:6      | Found a snail-covered altar of Cheibriados.
  8087 | D:6      | Found a burning altar of Makhleb.
  8088 | D:6      | Found a shadowy altar of Dithmenos.
  8279 | D:6      | Reached XP level 9. HP: 49/65 MP: 17/17
  8420 | D:6      | Found Xamiy's Armour Emporium.
  8460 | D:6      | Found a shimmering blue altar of Sif Muna.
  8777 | D:7      | Found a staircase to the Ecumenical Temple.
  8806 | Temple   | Entered the Ecumenical Temple
  8959 | Temple   | Became a worshipper of Gozag Ym Sagoz the Greedy
  9097 | D:7      | Found Junnut's Antique Weapon Shop.
  9103 | D:7      | Found Ophoz's Antique Weapon Boutique.
  9112 | D:7      | Bought a smoking scimitar for 234 gold pieces
  9112 | D:7      | Identified the +6 scimitar of Gehuegoc {venom, rElec rF+
                  | rC+ Int+5} (You bought it in a shop on level 7 of the
                  | Dungeon)
  9383 | D:7      | Reached skill level 1 in Long Blades
  9871 | D:7      | Found Ociytuz's Weapon Shop.
 10270 | D:7      | HP: 3/67 [hog (12)]
 10584 | D:7      | Found Yhumibri's Armour Boutique.
 10801 | D:7      | Learned a level 3 spell: Ignite Poison
 10881 | D:8      | Noticed Maggie
 10890 | D:8      | Reached skill level 5 in Long Blades
 10892 | D:8      | Noticed a seven-headed hydra
 10966 | D:7      | Reached XP level 10. HP: 50/73 MP: 20/20
 11060 | D:9      | Reached skill level 1 in Fire Magic
 11141 | D:9      | HP: 1/73 [killer bee (5)]
 11161 | D:9      | Noticed a death yak
 11161 | D:9      | Noticed a death yak
 11161 | D:9      | Noticed a death yak
 11162 | D:9      | Found a staircase to the Lair.
 11162 | D:9      | Noticed a death yak
 11162 | D:9      | Noticed a death yak
 11232 | D:8      | Found Wechojo's Changing Room.
 11575 | D:8      | Found a glowing golden altar of the Shining One.
 11575 | D:8      | Found a white marble altar of Elyvilon.
 11575 | D:8      | Found a glowing silver altar of Zin.
 11787 | D:8      | Killed Maggie
 11804 | D:8      | Learned a level 2 spell: Poisonous Vapours
 11808 | D:8      | Learned a level 3 spell: Mephitic Cloud
 11832 | D:8      | Slain by a wyvern

Illustrated notes

Levels and vault maps discovered:
D:1:      minmay_arrival_jagged, layout_loops_corners, minmay_box_of_dots
D:2:      layout_rooms, hellmonk_ecumenical_altar_heavens_door, uniq_sigmund
D:3:      layout_loops_ring, amcnicky_altar_gilded, gammafunk_ghost_grave,
          gup_sewer_entry_spiral, serial_shops, shop, uniq_natasha
D:4:      cheibrodos_old_hovel, layout_loops_ring,
          nicolae_elevator_lobby_asterisk
D:5:      layout_loops_ring, serial_shops, nicolae_shop_behind_doors,
          grunt_tough_drop
D:6:      layout_cave_pools, kennysheep_little_box,
          chequers_temple_overflow_statue_of_worship, serial_shops,
          kennysheep_mini_moat
D:7:      layout_basic, minmay_temple_entry_glass, serial_shops,
          nicolae_shop_bloodbath_and_beyond, shop_fountains, shop, shop,
          grunt_livestock, nrook_campfire, kennysheep_generic_room_9
D:8:      layout_cave_pools, good_gods_mini_temple, nicolae_transmutations_shop,
          minivault_26, minmay_misc_feat_hallway, uniq_maggie
D:9:      layout_rooms, dpeg_lair_monsters
Temple:   jpeg_temple_clearing

Skill      XL: |  1  2  3  4  5  6  7  8  9 10 |
---------------+-------------------------------+-----
Spellcasting   | 1 2 3 4 5 7 |  7.8
Fighting       | 2 3 5 7 8 |  8.4
Unarmed Combat | 2 4 |  4.6
Long Blades    | 5 8 |  8.4
Fire Magic     | 1 |  1.5
Dodging        | |  2.3
Stealth        | |  1.3
Shields        | |  0.2
Evocations     | |  3.2

Action                   |  1- 3 |  4- 6 |  7- 9 | 10-12 || total
-------------------------+-------+-------+-------+-------++-------
Melee: Unarmed           |    58 |   144 |   206 |       ||   408
       Tentacles         |    16 |    34 |    84 |    19 ||   153
       Constrict         |    12 |    39 |    64 |    11 ||   126
       Punch             |     1 |     9 |    14 |     4 ||    28
       Scimitar          |       |       |    56 |    85 ||   141
 Cast: Ignite Poison     |       |       |       |     1 ||     1
Evoke: Wand              |     4 |       |    34 |       ||    38
  Use: Scroll            |       |       |    10 |       ||    10
       Potion            |       |       |     3 |     2 ||     5
 Stab: Sleeping          |     8 |    11 |    12 |     1 ||    32
       Distracted        |       |       |       |     2 ||     2
Armor: Skin              |     6 |     4 |    10 |     4 ||    24
Dodge: Dodged            |    28 |    75 |   180 |    44 ||   327
